cohdb
Replays
Latest Replays
All Replays
Popular Replays
Top Player Replays
Match Explorer
How It Works
Community
CoH3 Stats
Reddit
Sign in to upload your games and track your stats! →
Sign in with Steam
Match 42807406
Unlisted
Match 42807406
Overview
Messages
Build Orders
End
Selects Italian Combined Arms Battlegroup
Selects Bersaglieri Squad
Bersaglieri Squad
250 Light Carrier
Bersaglieri Squad
Bersaglieri Squad
Selects Bersaglieri Bolster
Construct Light Support Kompanie
Fire Support Elements
Flakvierling Half-track
Panzerjäger Mechanized Group
Combat Half-tracks
Selects Breda Model 30 Light Machine Guns
Panzerjäger Squad
Construct Panzerarmee Kommand
Panzer III L Medium Tank
Selects Semovente da 75/18 Assault Gun
2.5-tonne Medical Truck
Flak 36 Anti-tank Gun Team
Panzer III L Medium Tank
Selects Strafing Run
Selects Artillery Cover
Emergency Repair Kits
Monti
Raedwulf
Rob
SlaughterWolves
Mr.Larry.Mx
.
Boy with Snapple
周末不日常
0
0
Comments
sign in to comment!
No comments posted yet!